 Dungeon Crawl Stone Soup version 0.21-a0-401-g0b6bec4 (webtiles) character file.

322 tidbits the Charmwright (level 6, 22/51 HPs)
             Began as a Gnoll Skald on Oct 22, 2017.
             Quit the game on level 4 of the Dungeon.
             The game lasted 00:09:01 (1002 turns).

tidbits the Charmwright (Gnoll Skald)               Turns: 1002, Time: 00:09:03

Health: 22/51      AC:  6    Str: 13    XL:     6   Next: 47%
Magic:  10/14      EV: 13    Int: 22    God:
Gold:   89         SH:  0    Dex: 14    Spells: 4/15 levels left

rFire    . . .     SeeInvis .   i - -1 spear (curse)
rCold    . . .     Gourm    .   (no shield)
rNeg     . . .     Faith    .   B - +0 ring mail
rPois    .         Spirit   .   E - +0 helmet
rElec    .         Reflect  .   (no cloak)
rCorr    .         Harm     .   (no gloves)
MR       .....                  (no boots)
Stlth    +.........             (no amulet)
HPRegen  1.17/turn              n - +4 ring of intelligence
MPRegen  0.14/turn              (no ring)

@: regenerating (expiring)
A: distributed training, fangs 1, strong nose
a: no special abilities


You were on level 4 of the Dungeon.
You were not hungry.

You visited 1 branch of the dungeon, and saw 5 of its levels.

You collected 89 gold pieces.

Inventory:

Hand Weapons
 a - a +0 hand axe
 g - a +0 flail
 i - a cursed -1 spear (weapon)
 j - a +0 hunting sling
Missiles
 e - 83 stones (quivered)
Armour
 b - a +0 leather armour
 B - a +0 ring mail (worn)
 E - a +0 helmet (worn)
Magical Staves
 h - an uncursed staff of wizardry {unknown}
   (You found it on level 3 of the Dungeon)
Jewellery
 n - a +4 ring of intelligence (left hand)
   (You found it on level 3 of the Dungeon)
Scrolls
 m - a scroll of fog
 o - a scroll of identify
Potions
 k - a potion of ambrosia {unknown}
 r - a potion of lignification {unknown}
 s - a potion of brilliance {unknown}
Books
 c - a book of Battle

   Spells                             Type                      Level
   a - Infusion                       Charms                       1
   b - Shroud of Golubria             Charms/Translocation         2
   c - Song of Slaying                Charms                       2
   d - Spectral Weapon                Hexes/Charms                 3
   e - Regeneration                   Charms/Necromancy            3
Comestibles
 d - 3 bread rations
 f - 2 meat rations
 l - 2 fruits


   Skills:
 + Level 5.0 Fighting
 + Level 1.9 Short Blades
 + Level 1.9 Long Blades
 + Level 5.0 Axes
 + Level 1.9 Maces & Flails
 + Level 1.9 Polearms
 + Level 1.9 Staves
 + Level 1.9 Slings
 + Level 1.9 Bows
 + Level 1.9 Crossbows
 + Level 1.9 Throwing
 + Level 3.2 Armour
 + Level 5.0 Dodging
 + Level 1.9 Stealth
 + Level 1.9 Shields
 + Level 1.9 Unarmed Combat
 + Level 5.3 Spellcasting
 + Level 1.5 Conjurations
 + Level 1.5 Hexes
 + Level 5.6 Charms
 + Level 1.5 Summonings
 + Level 1.5 Necromancy
 + Level 1.5 Translocations
 + Level 1.5 Transmutations
 + Level 1.5 Fire Magic
 + Level 1.5 Ice Magic
 + Level 1.5 Air Magic
 + Level 1.5 Earth Magic
 + Level 1.5 Poison Magic
 + Level 2.1 Invocations
 + Level 1.9 Evocations


You had 4 spell levels left.
You knew the following spells:

 Your Spells              Type           Power        Failure   Level  Hunger
g - Shroud of Golubria    Chrm/Tloc      ###.......   7%          2    None
i - Infusion              Chrm           ####         1%          1    None
r - Regeneration          Chrm/Necr      ###.......   14%         3    ##.....
w - Spectral Weapon       Hex/Chrm       ###.....     14%         3    ##.....
y - Song of Slaying       Chrm           ####....     3%          2    None


Dungeon Overview and Level Annotations

Branches:
Dungeon (5/15)
 Temple: D:4-7

Altars:
Nemelex Xobeh
Xom

Annotations:
D:5 Prince Ribbit


Innate Abilities, Weirdness & Mutations

Your experience applies equally to all skills.
You have very sharp teeth.
Your uncanny sense of smell can sniff out nearby items.


Message History

The jackal closely misses you. The jackal bites you.
* * * LOW HITPOINT WARNING * * *
The jackal barely misses you. The jackal closely misses you.
A jackal comes into view.
You closely miss the jackal.
The jackal barks!
You hit the jackal but do no damage. x2
Your spectral weapon barely misses the jackal.
The jackal completely misses you. The jackal closely misses you.
The jackal bites you but does no damage.
The jackal misses you. The jackal closely misses you.
You barely miss the jackal. x2; You hit the jackal.
Your spectral weapon hits the jackal.
The jackal misses you.
The jackal bites you but does no damage.
The jackal bites your spectral weapon.
Your spectral weapon shares its damage with you!
* * * LOW HITPOINT WARNING * * *
The jackal bites you but does no damage. x2
You barely miss the jackal.
The jackal is almost dead.
You barely miss the jackal. You hit the jackal.
You kill the jackal!
You hit the jackal but do no damage.
Your spectral weapon closely misses the jackal.
The jackal bites you.
* * * LOW HITPOINT WARNING * * *
The jackal bites you but does no damage. x2
The jackal barely misses you.
You hit the jackal.
You kill the jackal!
You hit the jackal.
You kill the jackal!
You hit the jackal. The jackal barely misses you.
You closely miss the jackal. You hit the jackal but do no damage.
The jackal misses you.
Your spectral weapon hits the jackal.
Your spectral weapon hits the jackal but does no damage.
The jackal misses you.
The jackal bites you but does no damage.
The jackal closely misses you.
You hit the jackal but do no damage. You bite the jackal, but do no damage.
The jackal is moderately wounded.
You barely miss the jackal. x2; Your spectral weapon hits the jackal!
You kill the jackal!
Your spectral weapon hits the jackal but does no damage.
The jackal bites you but does no damage. x2
The jackal barely misses you.
You completely miss the jackal.
The jackal is heavily wounded.
You hit the jackal.
Your spectral weapon barely misses the jackal.
The jackal closely misses you.
The jackal bites you but does no damage.
The jackal closely misses you.
You barely miss the jackal.
The jackal is heavily wounded.
You closely miss the jackal.
Your spectral weapon barely misses the jackal.
The jackal bites you but does no damage. x2
The jackal bites you.
* * * LOW HITPOINT WARNING * * *
You hit the jackal.
You kill the jackal!
You hit the jackal but do no damage. The jackal closely misses you.
The jackal bites you but does no damage.
You closely miss the jackal.
The jackal is almost dead.
Your spectral weapon hits the jackal.
You kill the jackal!
You see here a jackal corpse.
You butcher the jackal corpse.
You see here 3 chunks of flesh.
Eat one of 3 chunks of flesh? (ye/n/q)
You eat one of the 3 chunks of flesh.
This raw flesh tastes terrible.
Casting: Spectral Weapon
Confirm with . or Enter, or press ? or * to list all spells.
Your skin crawls.
A sky beast comes into view.
The sky beast flickers out of sight!
Found 2 fruits.
Wield which item (- for none, * to show all)? (? for menu, Esc to quit)
Your spectral weapon disappears as you unwield.
It sticks to your hand!
i - a cursed -1 spear (weapon)
As you read the scroll labeled VECYANT COTYFI, it crumbles to dust.
It is a scroll of identify.
m - a scroll of fog Your skin is crawling a little less now.
As you read the scroll labeled SUCLO ACLO, it crumbles to dust.
The creatures around you are filled with an inner flame!
It was a scroll of immolation.
As you read the scroll labeled ZAUMPI SIQE, it crumbles to dust.
You feel aware of your surroundings.
It was a scroll of magic mapping.
Something hits you. Something shocks you.
* * * LOW HITPOINT WARNING * * *
As you read the scroll labeled POCEUSMA VEGG, it crumbles to dust.
You experience a momentary feeling of inescapable doom!
It was a scroll of random uselessness.
Something barely misses you.
Are you sure you want to abandon this character and quit the game? (Confirm with "yes".)
Okay, then.
Are you sure you want to abandon this character and quit the game? (Confirm with "yes".)

.._..# ####..........# #⌠.⌠#*
##....########## ...#*
#..####.,,,,*
#.##############.####..#*,**
...............†...[....,,*
#.....#########%†..#####***
.......# #.......### .......#
#.......#************* .......#
#......@#,,,,,**,,,,,**
#......#######.#.[......,,,,,,,**
.........### #.#........,,,,,,,,*
.......#...###..........,,,,,,,,*
........##..............,,,,,,,,*
............###.........,,,,,,,,*
#.....##..#...#%........,,,,,,,,*
##...###.##**.#.........,,,,,,,,*
.........# *,,*,,,,,,,,,,,,,,,**


There were no monsters in sight!

Vanquished Creatures
  2 orc wizards (D:4)
  2 jellies (D:4)
  Jessica (D:2)
  A worker ant (D:4)
  Robin (D:3)
  3 gnolls (D:3)
  3 adders
  2 worms
  2 dart slugs (D:1)
  A leopard gecko (D:2)
  3 orcs (D:4)
  4 giant cockroaches
  13 goblins
  4 hobgoblins (D:3)
  16 jackals
  3 kobolds
  3 quokkas
  3 bats
  5 frilled lizards
  A quokka skeleton (D:4)
  4 rats
77 creatures vanquished.

Notes
Turn   | Place    | Note
-------+----------+-------------------------------------------
     0 | D:1      | tidbits the Gnoll Skald began the quest for the Orb.
     0 | D:1      | Reached XP level 1. HP: 20/20 MP: 6/6
    53 | D:1      | Reached XP level 2. HP: 26/26 MP: 4/7
    57 | D:1      | Learned a level 2 spell: Song of Slaying
    60 | D:1      | Learned a level 2 spell: Shroud of Golubria
   277 | D:2      | Reached skill level 5 in Spellcasting
   277 | D:2      | Reached XP level 3. HP: 25/31 MP: 2/9
   282 | D:2      | Learned a level 3 spell: Regeneration
   286 | D:2      | Learned a level 3 spell: Spectral Weapon
   296 | D:2      | Noticed Jessica
   348 | D:3      | Reached skill level 1 in Invocations
   356 | D:3      | Reached skill level 1 in Short Blades
   356 | D:3      | Reached skill level 1 in Long Blades
   356 | D:3      | Reached skill level 1 in Maces & Flails
   356 | D:3      | Reached skill level 1 in Polearms
   356 | D:3      | Reached skill level 1 in Staves
   356 | D:3      | Reached skill level 1 in Slings
   356 | D:3      | Reached skill level 1 in Bows
   356 | D:3      | Reached skill level 1 in Crossbows
   356 | D:3      | Reached skill level 1 in Throwing
   356 | D:3      | Reached skill level 1 in Stealth
   356 | D:3      | Reached skill level 1 in Shields
   356 | D:3      | Reached skill level 1 in Unarmed Combat
   356 | D:3      | Reached skill level 1 in Evocations
   359 | D:3      | Reached XP level 4. HP: 31/38 MP: 0/11
   418 | D:2      | Killed Jessica
   418 | D:2      | Reached skill level 1 in Conjurations
   418 | D:2      | Reached skill level 1 in Hexes
   418 | D:2      | Reached skill level 1 in Summonings
   418 | D:2      | Reached skill level 1 in Necromancy
   418 | D:2      | Reached skill level 1 in Translocations
   418 | D:2      | Reached skill level 1 in Transmutations
   418 | D:2      | Reached skill level 1 in Fire Magic
   418 | D:2      | Reached skill level 1 in Ice Magic
   418 | D:2      | Reached skill level 1 in Air Magic
   418 | D:2      | Reached skill level 1 in Earth Magic
   418 | D:2      | Reached skill level 1 in Poison Magic
   501 | D:3      | Noticed Robin
   508 | D:3      | Reached XP level 5. HP: 34/43 MP: 0/12
   517 | D:3      | Killed Robin
   655 | D:4      | Reached skill level 3 in Armour
   844 | D:4      | Reached XP level 6. HP: 34/50 MP: 9/13
   887 | D:4      | Found a sparkling altar of Nemelex Xobeh.
   943 | D:5      | Entered Level 5 of the Dungeon
   943 | D:5      | Found a shimmering altar of Xom.
   943 | D:5      | Noticed Prince Ribbit
   950 | D:4      | Reached skill level 2 in Invocations
   978 | D:4      | Reached skill level 5 in Fighting
   978 | D:4      | Reached skill level 5 in Axes
   978 | D:4      | Reached skill level 5 in Dodging
   996 | D:4      | Noticed a sky beast
  1002 | D:4      | Quit the game

Vault maps used:
D:1:      elethiomel_arrival_quiet
D:2:      kennysheep_generic_room_8, uniq_jessica, uniq_crazy_yiuf_cottage
D:3:      uniq_robin
D:4:      nemelex_xobeh_ov_fountains_minmay, first_bread,
          minmay_stone_trees_small, uniq_natasha
D:5:      cheibrodos_fertilizer, basic_altar, guppyfry_early_orc_mine,
          uniq_prince_ribbit1

Skill      XL: |  1  2  3  4  5  6 |
---------------+-------------------+-----
Spellcasting   | 5 |  5.3
Invocations    | 1 2 |  2.1
Short Blades   | 1 |  1.9
Long Blades    | 1 |  1.9
Maces & Flails | 1 |  1.9
Polearms       | 1 |  1.9
Staves         | 1 |  1.9
Slings         | 1 |  1.9
Bows           | 1 |  1.9
Crossbows      | 1 |  1.9
Throwing       | 1 |  1.9
Stealth        | 1 |  1.9
Shields        | 1 |  1.9
Unarmed Combat | 1 |  1.9
Evocations     | 1 |  1.9
Conjurations   | 1 |  1.5
Hexes          | 1 |  1.5
Summonings     | 1 |  1.5
Necromancy     | 1 |  1.5
Translocations | 1 |  1.5
Transmutations | 1 |  1.5
Fire Magic     | 1 |  1.5
Ice Magic      | 1 |  1.5
Air Magic      | 1 |  1.5
Earth Magic    | 1 |  1.5
Poison Magic   | 1 |  1.5
Armour         | 3 |  3.2
Fighting       | 5 |  5.0
Axes           | 5 |  5.0
Dodging        | 5 |  5.0
Charms         | |  5.6

Action                   |  1- 3 |  4- 6 || total
-------------------------+-------+-------++-------
Melee: Hand axe          |    45 |   102 ||   147
       Bite              |     6 |     5 ||    11
       Punch             |       |     1 ||     1
 Cast: Infusion          |     6 |       ||     6
       Spectral Weapon   |     1 |    17 ||    18
       Regeneration      |       |     1 ||     1
  Use: Scroll            |       |     4 ||     4
 Stab: Sleeping          |       |     1 ||     1
       Distracted        |       |     1 ||     1
  Eat: Chunk             |       |     2 ||     2
Armor: Leather armour    |     7 |    26 ||    33
       Ring mail         |       |    27 ||    27
Dodge: Dodged            |    24 |    84 ||   108

Table legend:
 A = Spawn XP
 B = Non-spawn XP
 C = Spawn XP percentage of total XP
 D = Spawn monster count
 E = Non-spawn monster count
 F = Spawn count percentage of total count
 G = Total turns spent on level
                    A         B        C        D         E        F      G
               +---------+---------+-------+---------+---------+-------+---------
         Total |       0 |     460 |   0.0 |       0 |      77 |   0.0 |  1002
               +---------+---------+-------+---------+---------+-------+---------
           D:1 |       0 |      16 |   0.0 |       0 |       6 |   0.0 |   179
           D:2 |       0 |      95 |   0.0 |       0 |      20 |   0.0 |   226
           D:3 |       0 |     123 |   0.0 |       0 |      34 |   0.0 |   382
           D:4 |       0 |     226 |   0.0 |       0 |      17 |   0.0 |   211
               +---------+---------+-------+---------+---------+-------+---------

Table legend:
 A = Turns spent in this place as a percentage of turns spent in the entire game.
 B = Non-inter-level travel turns spent in this place as a percentage of non-inter-level travel turns spent in the entire game.
 C = Inter-level travel turns spent in this place as a percentage of turns spent in this place.
 D = Turns resting spent in this place as a percentage of non-inter-level travel turns spent in this place.
 E = Turns spent auto-exploring this place as a percentage of non-inter-level travel turns spent in this place.
 F = Non-inter-level travel turns spent in this place divided by the number of levels of this place that you've seen.
                   A       B       C       D       E      F
               +-------+-------+-------+-------+-------+----------------------
         Total | 100.0 | 100.0 |   0.0 |   0.0 |   0.0 | 200.4
       Dungeon | 100.0 | 100.0 |   0.0 |   0.0 |   0.0 | 200.4
               +-------+-------+-------+-------+-------+----------------------

Table legend:
 A = Kills in this place as a percentage of kills in entire the game.
 B = Kills by you in this place as a percentage of kills by you in the entire game.
 C = Kills by friends in this place as a percentage of kills by friends in the entire game.
 D = Other kills in this place as a percentage of other kills in the entire game.
 E = Experience gained in this place as a percentage of experience gained in the entire game.
 F = Experience gained in this place divided by the number of levels of this place that you have seen.
                   A       B       C       D       E      F
               +-------+-------+-------+-------+-------+----------------------
         Total | 100.0 | 100.0 |   N/A |   N/A | 100.0 |  92.0
       Dungeon | 100.0 | 100.0 |   N/A |   N/A | 100.0 |  92.0
               +-------+-------+-------+-------+-------+----------------------

Vault maps used:
D:1:      elethiomel_arrival_quiet
D:2:      kennysheep_generic_room_8, uniq_jessica, uniq_crazy_yiuf_cottage
D:3:      uniq_robin
D:4:      nemelex_xobeh_ov_fountains_minmay, first_bread,
          minmay_stone_trees_small, uniq_natasha
D:5:      cheibrodos_fertilizer, basic_altar, guppyfry_early_orc_mine,
          uniq_prince_ribbit1
